AoeStats
← CazadorGT

Arabia

509957762Analyzed
3v3 RM · 3d ago on Sep 28, 2026· 36m 32s· 6 players
Game mode
Random Map
Map size
Normal (6 player)
Population
200
Speed
Normal
Resources
Standard
Victory
Conquest
Starting age
Dark Age
Ending age
Imperial Age
RankedLock teamsTeams togetherTeam positionsShared explorationLock speedFull tech treeHidden civsTurbo modeCheats
Victory
Defeat
🇧🇪 Britons · Belgium
1203
+13
🇧🇪 Muisca · Belgium
1172
+14
🇧🇪 Franks · Belgium
1156
+15
🇧🇷 Spanish · Brazil
1140
-14
🇦🇱 Varangians · Albania
1132
-14
🇬🇹 Italians · Guatemala
1126
-14
CazadorGT
7:51 Loom
9:42 Feudal Age
12:18 Double-Bit Axe
13:36 Padded Archer Armor
22:24 Castle Age
23:37 Fletching
29:59 Crossbowman
insaneBestar
7:51 Loom
10:45 Feudal Age
13:13 Double-Bit Axe
18:31 Castle Age
17:09 Horse Collar
17:37 Fletching
17:48 Padded Archer Armor
20:21 Bodkin Arrow
34:41 Elite Skirmisher
Mandinga
6:27 Loom
9:17 Feudal Age
12:04 Double-Bit Axe
12:22 Horse Collar
14:31 Man-at-Arms
18:35 Wheelbarrow
17:46 Town Watch
23:25 Castle Age
22:36 Stone Mining
22:44 Gold Mining
25:15 Bow Saw
35:47 Bloodlines
35:38 Husbandry
36:25 Fletching
michie8
9:35 Loom
11:20 Feudal Age
16:15 Castle Age
15:03 Double-Bit Axe
15:37 Forging
16:53 Scale Barding Armor
23:05 Husbandry
23:44 Chain Barding Armor
24:44 Bow Saw
25:43 Iron Casting
27:11 Gold Mining
38:55 Imperial Age
jasper.vanzeebroeck
6:04 Loom
8:37 Feudal Age
9:10 Champi Runner
14:38 Fletching
23:03 Castle Age
21:29 Double-Bit Axe
21:34 Horse Collar
22:00 Padded Archer Armor
22:36 Gold Mining
23:23 Crossbowman
24:17 Bodkin Arrow
28:25 Leather Archer Armor
29:44 Bow Saw
31:29 Ballistics
33:13 Heavy Plow
37:41 Wheelbarrow
Flemish_Noble
5:51 Loom
9:10 Feudal Age
10:12 Double-Bit Axe
12:12 Horse Collar
13:44 Wheelbarrow
17:13 Fletching
23:03 Castle Age
21:23 Gold Mining
22:47 Padded Archer Armor
23:09 Crossbowman
23:52 Bodkin Arrow
25:45 Leather Archer Armor
28:17 Heavy Plow
30:19 Ballistics
38:27 Imperial Age
Connection lost

Rejoining the realm…

Still unreachable

The connection could not be restored.

Session expired

The server has moved on; the page needs a fresh start.